Map: Ice and Chrome LE

Players

BlyOnFire (Bly)

  • Race: Zerg Zerg
  • League: Master
  • Spawn Location: 1:00

Neeblet (Neeb) - Winner!

  • Race: Protoss Protoss
  • Spawn Location: 7:00

Event: StayAtHomestory Cup #2

VOD

Have the link to the VOD?

Description

Time

  • Played on: June 11, 2020, 4:29 p.m.
  • Length: 11:55

All games in this series

Show
View Real Time Build Order
Export as new Build Order

BlyOnFire Zerg 

Build Orders: Hatch First 

Get SALT Encoding   

  12  0:01  Drone  
  13  0:12  Overlord  
  13  0:16  Drone  
  14  0:30  Drone x2  
  16  0:49  Hatchery  
  15  0:55  Drone x2  
  17  0:59  Drone  
  18  1:11  Extractor  
  17  1:14  Spawning Pool  
  16  1:19  Drone  
  16  1:23  Drone  
  18  1:28  Drone  
  19  1:46  Hatchery  
  18  1:48  Drone  
  18  1:51  Drone  
  20  2:02  Queen  
  20  2:05  Zergling x2  
  23  2:12  Drone  
  24  2:19  Queen  
  26  2:25  Overlord  
  26  2:27  Drone  
  26  2:29  Drone  
  28  2:38  Metabolic Boost  
  28  2:48  Drone x3  
  28  2:49  Drone x2  
  33  3:02  Queen  
  33  3:03  Queen  
  37  3:11  Zergling x2  
  37  3:12  Zergling x2  
  39  3:14  Overlord  
  39  3:22  Drone x3  
  41  3:29  Overlord  
  40  3:46  Drone x5  
  44  3:49  Drone x5  
  44  3:54  Drone x3  
  52  3:57  Overlord x2  
  52  4:06  Overlord  
  52  4:07  Overlord  
  52  4:10  Spore Crawler x2  
  50  4:17  Spore Crawler  
  50  4:18  Drone x3  
  50  4:22  Drone x3  
  55  4:26  Queen  
  57  4:37  Spore Crawler  
  57  4:38  Spore Crawler  
  53  4:42  Drone x9  
  63  4:47  Overlord  
  63  4:48  Drone  
  63  4:51  Extractor  
  63  4:55  Drone x3, Spore Crawler x2  
  63  4:56  Drone  
  66  5:00  Lair  
  66  5:03  Zergling x8  
  70  5:12  Drone x4  
  70  5:13  Extractor  
  70  5:14  Roach Warren  
  71  5:18  Queen, Overlord  
  71  5:20  Drone x2  
  75  5:24  Extractor, Overlord  
  74  5:34  Zergling x10  
  74  5:35  Zergling x4  
  78  5:49  Drone x8  
  86  5:51  Overlord  
  86  5:52  Drone  
  86  5:56  Hatchery  
  86  5:59  Overlord  
  86  6:02  Glial Reconstitution  
  85  6:07  Drone, Overlord  
  86  6:15  Drone x3  
  86  6:16  Extractor  
  86  6:17  Spire  
  87  6:18  Roach  
  87  6:19  Roach x4, Overseer  
  97  6:26  Queen, Drone, Overlord  
  94  6:50  Overlord x5  
  94  6:52  Overlord  
  90  6:56  Overlord  
  83  7:17  Extractor, Drone x5  
  83  7:18  Drone  
  88  7:30  Corruptor x10  
  88  7:32  Overlord  
  98  7:51  Roach x12  
  98  7:52  Roach x2  
  98  7:58  Baneling Nest  
  116  8:04  Drone x4  
  120  8:13  Drone x4  
  120  8:18  Evolution Chamber  
  123  8:23  Zergling x18  
  132  8:31  Overseer  
  132  8:40  Ravager x6  
  138  8:42  Zergling x16  
  138  8:43  Spine Crawler  
  138  8:44  Spine Crawler  
  138  8:45  Spine Crawler  
  151  8:55  Roach x6  
  151  8:56  Roach x4  
  158  9:14  Roach x8  
  174  9:21  Baneling x5  
  158  9:37  Roach  
  158  9:38  Roach x6  
  141  9:41  Roach x4  
  142  9:49  Roach x4  
  135  9:55  Zergling x14  
  138  10:14  Ravager x3  
  138  10:16  Zergling x18  
  142  10:39  Baneling x12  
  142  10:41  Zergling x18  
  151  10:46  Ravager x2  
  149  11:01  Zergling x20  
  159  11:07  Baneling x6  
  153  11:24  Zergling x18  
  141  11:30  Zergling x2  
  141  11:31  Zergling x4  
Show
View Real Time Build Order
Export as new Build Order

Neeblet Protoss - Winner!

Build Orders: 1 Gate Expand, Oracle Opening, Phoenix Opening 

Get SALT Encoding   

  12  0:00  Probe  
  13  0:13  Probe  
  14  0:19  Pylon  
  14  0:25  Probe  
  15  0:34  Probe  
  15  0:40  Gateway  
  15  0:42  Probe  
  17  0:51  Assimilator  
  17  0:52  Probe  
  18  1:04  Probe  
  19  1:16  Probe  
  20  1:26  Nexus  
  20  1:35  Cybernetics Core  
  20  1:39  Probe  
  21  1:45  Assimilator  
  21  1:51  Probe  
  21  1:53  Pylon  
  22  1:59  Probe  
  22  2:02  Adept  
  22  2:07  Probe  
  23  2:12  Warp Gate  
  26  2:17  Probe  
  27  2:29  Probe  
  28  2:33  Adept  
  28  2:35  Probe  
  30  2:38  Stargate  
  30  2:41  Probe  
  30  2:43  Probe  
  33  2:53  Probe x2  
  33  2:54  Gateway  
  35  3:05  Probe x2  
  36  3:07  Pylon  
  37  3:13  Phoenix  
  37  3:17  Probe  
  37  3:18  Probe  
  39  3:27  Oracle  
  41  3:29  Probe  
  41  3:30  Probe, Assimilator  
  41  3:32  Assimilator  
  41  3:33  Pylon  
  46  3:41  Probe  
  46  3:42  Probe  
  46  3:51  Stargate  
  46  3:53  Probe  
  46  3:54  Probe  
  48  4:03  Phoenix  
  48  4:05  Probe  
  48  4:06  Probe  
  52  4:10  Adept x2  
  52  4:13  Pylon  
  56  4:18  Probe x2  
  58  4:24  Phoenix  
  58  4:29  Pylon  
  58  4:30  Probe x2  
  62  4:41  Phoenix  
  62  4:43  Phoenix  
  64  4:50  Nexus  
  66  4:59  Pylon  
  66  5:00  Probe x2, Pylon  
  66  5:05  Phoenix x2  
  71  5:16  Probe x2  
  71  5:19  Adept x2  
  78  5:28  Probe  
  78  5:30  Probe  
  79  5:40  Probe  
  76  5:42  Probe  
  76  5:44  Sentry  
  76  5:45  Sentry  
  76  5:47  Shield Battery  
  76  5:48  Forge  
  81  5:50  Twilight Council  
  81  5:52  Probe  
  81  5:55  Probe  
  83  6:02  Phoenix  
  83  6:03  Phoenix  
  83  6:05  Shield Battery  
  83  6:09  Sentry x2  
  92  6:16  Shield Battery  
  90  6:19  Shield Battery  
  90  6:21  Probe x3  
  90  6:22  Protoss Ground Weapons Level 1  
  93  6:27  Phoenix  
  93  6:28  Gateway  
  93  6:30  Gateway x2  
  95  6:33  Gateway  
  95  6:35  Probe  
  95  6:37  Probe  
  95  6:39  Charge, Probe, Assimilator  
  98  6:40  Assimilator  
  98  6:42  Pylon  
  98  6:52  Stalker x2  
  98  6:54  Shield Battery  
  102  6:55  Pylon  
  102  6:56  Pylon  
  102  7:02  Probe  
  102  7:04  Gateway  
  102  7:06  Gateway  
  103  7:11  Probe  
  104  7:17  Robotics Facility  
  104  7:22  Gateway  
  104  7:24  Gateway  
  104  7:26  Pylon  
  104  7:27  Pylon, Zealot x3  
  110  7:38  Stalker x3  
  116  7:49  Templar Archives  
  116  7:59  Zealot x4  
  116  8:01  Observer, Probe x2  
  116  8:02  Photon Cannon  
  128  8:11  Photon Cannon  
  127  8:15  Zealot x4  
  135  8:21  Pylon x2  
  135  8:24  Photon Cannon  
  135  8:25  Warp Prism  
  135  8:27  High Templar x6  
  139  8:31  Archon x2  
  139  8:32  Archon  
  149  8:43  Zealot x4  
  149  8:47  Protoss Ground Weapons Level 2  
  153  9:01  Zealot x6  
  163  9:05  Zealot  
  163  9:10  Pylon  
  163  9:11  Pylon  
  163  9:16  Zealot  
  161  9:31  Immortal, Zealot x3  
  149  9:32  Zealot  
  149  9:33  Zealot x5  
  129  9:51  Probe  
  112  9:53  Sentry x3  
  114  10:01  Stalker x4  
  114  10:05  Stalker x2  
  126  10:08  Immortal  
  126  10:10  Nexus  
  128  10:23  High Templar x3  
  128  10:24  High Templar x2  
  128  10:25  High Templar  
  128  10:28  Zealot x3  
  144  10:29  Archon  
  144  10:30  Archon x2  
  144  10:32  Pylon  
  143  10:37  Photon Cannon  
  143  10:44  Immortal  
  145  10:59  Stalker x2  
  145  11:00  Stalker x3  
  153  11:06  Zealot x3  
  153  11:08  Probe  
  161  11:13  Sentry  
  161  11:15  Zealot  
  146  11:27  Sentry x2, Stalker  
  146  11:28  Stalker x2  
  146  11:31  Stalker x2  
Tags
 
Add a new tag
Caveats
  • Supply blocks, unpowered buildings, or Contaminate may cause inaccurate times.
  • Supply counts are checked every 10 seconds.